 Dungeon Sprint DCSS version 0.22-a0-42-g002c468 (webtiles) character file.

646 Kidiri the Skirmisher (level 7, -7/61 HPs)
             Began as a Demonspawn Fighter on Jan 5, 2018.
             Was a Follower of Okawaru.
             Mangled by a two-headed ogre
             ... wielding a +0 giant spiked club
              (33 damage)
             ... in the Dungeon (Sprint IX: "|||||||||||||||||||||||||||||").
             The game lasted 00:01:49 (454 turns).

Kidiri the Skirmisher (Demonspawn Fighter)           Turns: 454, Time: 00:01:50

Health: -7/61      AC: 12    Str: 18    XL:     7   Next: 27%
Magic:  10/10      EV: 10    Int: 12    God:    Okawaru [*.....]
Gold:   0          SH: 10    Dex: 13    Spells: 6/6 levels left

rFire    + . .     SeeInvis .   p - +2 scimitar (flame)
rCold    . . .     Gourm    .   c - +0 shield
rNeg     . . .     Faith    .   s - +1 chain mail
rPois    .         Spirit   .   (helmet restricted)
rElec    .         Reflect  .   (no cloak)
rCorr    .         Harm     .   q - +0 pair of gloves
MR       .....     NoTele   +   (no boots)
Stlth    ..........             (no amulet)
HPRegen  0.20/turn              a - +2 ring of evasion
MPRegen  0.12/turn              b - +3 ring of intelligence

@: no status effects
A: horns 1, fire resistance 1, flame cloud immunity
a: Heroism, Renounce Religion


You were in the Dungeon.
You worshipped Okawaru.
Okawaru was aware of your devotion.
You were not hungry.

You visited 1 branch

Inventory:

Hand Weapons
 p - a +2 scimitar of flaming (weapon)
Armour
 c - a +0 shield (worn)
 q - a +0 pair of gloves (worn)
 r - a +0 helmet
 s - a +1 chain mail (worn)
Jewellery
 a - a +2 ring of evasion (left hand)
 b - a +3 ring of intelligence (right hand)
Wands
 o - a wand of acid (10)
Scrolls
 k - 2 scrolls of blinking
 m - 3 scrolls of remove curse
 n - 2 scrolls of amnesia
Potions
 d - a potion of might
 e - a potion of invisibility
 g - a potion of heal wounds
 h - a potion of haste
 i - 4 potions of magic
 l - 4 potions of curing


   Skills:
 * Level 7.8 Fighting
 * Level 6.8 Long Blades
 * Level 7.2 Armour
 + Level 4.4 Dodging
 * Level 7.2 Shields
 + Level 5.2 Invocations


You had 6 spell levels left.
You didn't know any spells.

Dungeon Overview and Level Annotations

Branches:
Dungeon (1/1)

Altars:
Cheibriados
Dithmenos
Elyvilon
Fedhas
Gozag
Hepliaklqana
Kikubaaqudgha
Makhleb
Nemelex Xobeh
Okawaru
Qazlal
Ru
Sif Muna
Trog
Uskayaw
Vehumet
Wu Jian
Xom
Yredelemnul
Zin
The Shining One
Beogh
Jiyva
Lugonu


Innate Abilities, Weirdness & Mutations

You have a pair of small horns on your head.
Your flesh is heat resistant. (rF+)
You are immune to clouds of flame.


Message History

You hit the two-headed ogre. You burn the two-headed ogre.
You headbutt the two-headed ogre, but do no damage.
The two-headed ogre is severely wounded.
The two-headed ogre hits you but does no damage.
The two-headed ogre misses you.
You completely miss the two-headed ogre.
Your headbutt misses the two-headed ogre.
The two-headed ogre is severely wounded.
The two-headed ogre barely misses you.
You riposte.
You barely miss the two-headed ogre.
The two-headed ogre is severely wounded.
The two-headed ogre hits you with a giant club!!
* * * LOW HITPOINT WARNING * * *
Your chain mail prevents you from hitting the two-headed ogre.
The two-headed ogre is severely wounded.
You block the two-headed ogre's attack. x2
You feel much better.
The two-headed ogre hits you with a giant spiked club!!
Ouch! That really hurt!
You die... ▓▓▓▓▓▓▓▓▓▓▓▓▓▓▓▓▓▓▓▓▓▓▓▓ '..|)..[..).....@O.F.... ▓▓▓▓▓▓▓▓▓▓▓▓▓▓▓▓▓▓▓▓▓▓▓▓

You could see a two-headed ogre and a bullfrog.

Vanquished Creatures
  A wyvern (D)
  2 hungry ghosts (D)
  A bullfrog (D)
  2 hounds (D)
  A jelly (D)
  A gnoll shaman (D)
  An orc wizard (D)
  A worker ant (D)
  An adder (D)
  An adder skeleton (D)
  2 bats (D)
  A goblin (D)
  2 quokkas (D)
  A kobold (D)
  A rat (D)
19 creatures vanquished.

Notes
Turn   | Place    | Note
-------+----------+-------------------------------------------
     0 | D        | Kidiri the Demonspawn Fighter began the quest for the Orb.
     0 | D        | Reached XP level 1. HP: 18/18 MP: 1/1
    45 | D        | Noticed an orc wizard
    45 | D        | Noticed a hound
    45 | D        | Noticed a worker ant
    51 | D        | Killed an orc wizard
    51 | D        | Reached skill level 1 in Dodging
    51 | D        | Gained mutation: Your flesh is heat resistant. (rF+) [demonic ancestry]
    51 | D        | Reached XP level 2. HP: 21/25 MP: 2/2
    51 | D        | Reached XP level 3. HP: 25/30 MP: 3/3
    71 | D        | Reached XP level 4. HP: 11/38 MP: 4/4
    77 | D        | Reached skill level 5 in Fighting
   287 | D        | Found a roughly hewn altar of Beogh.
   287 | D        | Found a snail-covered altar of Cheibriados.
   287 | D        | Found a shadowy altar of Dithmenos.
   287 | D        | Found a white marble altar of Elyvilon.
   287 | D        | Found a blossoming altar of Fedhas.
   287 | D        | Found an opulent altar of Gozag.
   288 | D        | Found a hazy altar of Hepliaklqana.
   289 | D        | Found a viscous altar of Jiyva.
   290 | D        | Found an ancient bone altar of Kikubaaqudgha.
   291 | D        | Found a corrupted altar of Lugonu.
   292 | D        | Found a burning altar of Makhleb.
   293 | D        | Found a sparkling altar of Nemelex Xobeh.
   294 | D        | Found an iron altar of Okawaru.
   295 | D        | Found a stormy altar of Qazlal.
   296 | D        | Found a sacrificial altar of Ru.
   297 | D        | Found a deep blue altar of Sif Muna.
   298 | D        | Found a bloodstained altar of Trog.
   299 | D        | Found a hide-covered altar of Uskayaw.
   300 | D        | Found a radiant altar of Vehumet.
   301 | D        | Found an ornate altar of the Wu Jian Council.
   302 | D        | Found a shimmering altar of Xom.
   304 | D        | Became a worshipper of Warmaster Okawaru
   306 | D        | Found a basalt altar of Yredelemnul.
   307 | D        | Found a glowing silver altar of Zin.
   308 | D        | Found a glowing golden altar of the Shining One.
   361 | D        | Noticed a hungry ghost
   361 | D        | Noticed a hungry ghost
   366 | D        | Reached skill level 1 in Invocations
   374 | D        | Reached skill level 5 in Armour
   374 | D        | Reached skill level 5 in Shields
   374 | D        | Gained mutation: You have a pair of small horns on your head. [demonic ancestry]
   374 | D        | Reached XP level 5. HP: 45/45 MP: 4/6
   380 | D        | Killed a hungry ghost
   380 | D        | Reached * piety under Okawaru
   380 | D        | Reached skill level 5 in Long Blades
   380 | D        | Gained mutation: You are immune to clouds of flame. [demonic ancestry]
   380 | D        | Reached XP level 6. HP: 53/53 MP: 4/8
   386 | D        | Killed a hungry ghost
   425 | D        | Noticed a wyvern
   425 | D        | Noticed a two-headed ogre
   425 | D        | Noticed a shadow
   448 | D        | Killed a wyvern
   448 | D        | Reached skill level 5 in Invocations
   448 | D        | Reached XP level 7. HP: 33/61 MP: 10/10
   454 | D        | Mangled by a two-headed ogre

Vault maps used:
D:        linesprint

Skill      XL: |  1  2  3  4  5  6 |
---------------+-------------------+-----
Long Blades    | 3 4 5 6 |  6.8
Armour         | 3 4 5 7 |  7.2
Shields        | 3 4 5 7 |  7.2
Fighting       | 4 5 6 7 |  7.8
Dodging        | 1 2 3 4 |  4.4
Invocations    | 1 3 5 |  5.2

Action                   |  1- 3 |  4- 6 |  7- 9 || total
-------------------------+-------+-------+-------++-------
Melee: Long sword        |    43 |     6 |       ||    49
       Scimitar          |       |    51 |     5 ||    56
       Headbutt          |       |     8 |     2 ||    10
Invok: Heroism           |       |     1 |       ||     1
  Use: Potion            |     1 |     2 |     1 ||     4
  Eat: Ration            |       |     1 |       ||     1
       Chunk             |       |     1 |       ||     1
Armor: Scale mail        |    20 |     3 |       ||    23
       Chain mail        |       |    16 |     1 ||    17
Dodge: Dodged            |    17 |    13 |     3 ||    33
Block: Shield            |    21 |    27 |     3 ||    51
       Rpst.: Long sword |     7 |     1 |       ||     8
       Scimitar          |       |     1 |     1 ||     2

Table legend:
 A = Spawn XP
 B = Non-spawn XP
 C = Spawn XP percentage of total XP
 D = Spawn monster count
 E = Non-spawn monster count
 F = Spawn count percentage of total count
 G = Total turns spent on level
                    A         B        C        D         E        F      G
               +---------+---------+-------+---------+---------+-------+---------
         Total |       0 |     923 |   0.0 |       0 |      19 |   0.0 |   454
               +---------+---------+-------+---------+---------+-------+---------
             D |       0 |     923 |   0.0 |       0 |      19 |   0.0 |   454
               +---------+---------+-------+---------+---------+-------+---------
